 Dungeon Crawl Stone Soup version 0.23-a0-106-g63f3d0b (webtiles) character file.

28 Collin1234 the Firebug (level 3, 0/26 HPs)
             Began as a Draconian Fire Elementalist on Aug 20, 2018.
             Killed from afar by an orc wizard (7 damage)
             ... with a puff of frost
             ... on level 2 of the Dungeon.
             The game lasted 00:03:35 (1099 turns).

Collin1234 the Firebug (DrFE)                       Turns: 1099, Time: 00:03:36

Health: 0/26       AC:  5    Str: 11    XL:     3   Next: 0%
Magic:  2/6        EV: 12    Int: 15    God:
Gold:   129        SH:  0    Dex: 11    Spells: 5/6 levels left

rFire    . . .     SeeInvis .   c - +0 short sword
rCold    . . .     Gourm    .   (no shield)
rNeg     . . .     Faith    .   (armour unavailable)
rPois    .         Spirit   .   (helmet restricted)
rElec    .         Reflect  .   (no cloak)
rCorr    .         Harm     .   (no gloves)
MR       .....                  (no boots)
Stlth    ++........             (no amulet)
HPRegen  0.08/turn              (no ring)
MPRegen  0.10/turn              (no ring)

@: no status effects
A: unfitting armour, cold-blooded, AC +5
a: no special abilities


You were on level 2 of the Dungeon.
You were hungry.

You visited 1 branch of the dungeon, and saw 2 of its levels.

You collected 129 gold pieces.

Inventory:

Hand Weapons
 c - a +0 short sword (weapon)
Missiles
 f - 31 stones (quivered)
Scrolls
 d - 4 scrolls of teleportation
 g - a scroll of identify
 h - a scroll of remove curse
 k - a scroll of blinking
Potions
 i - a potion of heal wounds
 j - a potion of degeneration {unknown}
Comestibles
 b - 4 rations


   Skills:
 + Level 1.9 Dodging
 + Level 1.9 Stealth
 + Level 2.3 Spellcasting
 + Level 1.0 Conjurations
 + Level 3.7 Fire Magic


You had 5 spell levels left.
You knew the following spells:

 Your Spells              Type           Power        Failure   Level  Hunger
a - Flame Tongue          Conj/Fire      #....        9%          1    #......

Your spell library contained the following spells:

 Spells                   Type           Power        Failure   Level  Hunger
 Throw Flame              Conj/Fire      #.....       12%         2    ###....
 Conjure Flame            Conj/Fire      #.......     24%         3    ###....
 Inner Flame              Hex/Fire       #.......     30%         3    ###....
 Sticky Flame             Conj/Fire      #.......     63%         4    #####..
 Fireball                 Conj/Fire      #.........   92%         5    ######.


Dungeon Overview and Level Annotations

Branches:
Dungeon (2/15)

Altars:
Gozag
Ru
Xom


Innate Abilities, Weirdness & Mutations

Your plain brown scales are hard. (AC +5)
You cannot fit into any form of body armour.
You are cold-blooded and may be slowed by cold attacks.


Message History

Aiming: Flame Tongue (safe; 9% risk of failure)
Press: ? - help, Shift-Dir - straight line, f/p - orc wizard
Aim: an orc wizard, wielding a dagger and wearing a robe (severely wounded)
The flame tongue hits the orc wizard.
The orc wizard appears unharmed.
The orc wizard is severely wounded.
The orc wizard hits you but does no damage.
Casting: Flame Tongue (safe; 9% risk of failure)
Confirm with . or Enter, or press ? or * to list all spells.
Aiming: Flame Tongue (safe; 9% risk of failure)
Press: ? - help, Shift-Dir - straight line, f/p - orc wizard
Aim: an orc wizard, wielding a dagger and wearing a robe (heavily wounded)
The flame tongue misses the orc wizard.
The orc wizard points at you and mumbles some strange words.
The magic dart hits you!
* * * LOW HITPOINT WARNING * * *
You closely miss the orc wizard.
Your tail-slap misses the orc wizard.
The orc wizard is heavily wounded.
The orc wizard points at you and mumbles some strange words.
The puff of frost hits you!
You die...

#...# ####......#
#...######.#......#
#...#......#......#
#...##......†......
#..######.#......#
#................#
#.#######.######.#
#.####o........## #.#
#.....@.........#####.#
.....................#.#
################.###....
#...#.........#.#...#.#
#.#<#.#######.#.#.#....
##.###.# #.#.#.#####
#......# #.#.#.#####
######.# #.......... #.#
#####.#####


You could see an orc wizard.

Vanquished Creatures
  An adder (D:2)
  2 bats (D:1)
  A giant cockroach (D:1)
  4 goblins (D:1)
  A hobgoblin (D:1)
  3 jackals (D:1)
  2 kobolds (D:1)
  2 rats (D:1)
16 creatures vanquished.

Notes
Turn   | Place    | Note
-------+----------+-------------------------------------------
     0 | D:1      | Collin1234 the Draconian Fire Elementalist began the quest for the Orb.
     0 | D:1      | Reached XP level 1. HP: 14/14 MP: 3/3
   244 | D:1      | Reached XP level 2. HP: 9/20 MP: 1/5
   458 | D:1      | Found a white marble altar of Elyvilon.
   460 | D:1      | Found a shimmering altar of Xom.
   460 | D:1      | Found a shattered altar of Ashenzari.
   462 | D:1      | Found an opulent altar of Gozag.
   462 | D:1      | Found a shimmering altar of Xom.
   462 | D:1      | Found a sacrificial altar of Ru.
   788 | D:1      | You fall through a shaft!
  1043 | D:2      | Reached XP level 3. HP: 16/26 MP: 3/6
  1099 | D:2      | Killed from afar by an orc wizard

Vault maps used:
D:1:      minmay_arrival_three_doors, doesnt_xom_only_xom
D:2:      kennysheep_vampire_church, chequers_ecumenical_altar_twisty

Action                   || total
-------------------------++-------
Melee: Short sword       ||    28
       Tailslap          ||     3
 Cast: Flame Tongue      ||    21
  Use: Scroll            ||     5
Armor: Skin              ||    12
Dodge: Dodged            ||    30

Table legend:
 A = Non-vault XP
 B = Vault XP
 C = Vault XP percentage of total XP
 D = Non-vault monster count
 E = Vault monster count
 F = Vault count percentage of total count
                 A         B        C        D         E       F
            +---------+---------+-------+---------+---------+-------
      Total |      41 |       0 |   0.0 |      16 |       0 |   0.0
            +---------+---------+-------+---------+---------+-------
        D:1 |      28 |       0 |   0.0 |      15 |       0 |   0.0
        D:2 |      13 |       0 |   0.0 |       1 |       0 |   0.0
            +---------+---------+-------+---------+---------+-------
